 Dungeon Crawl Stone Soup version 0.26.1-11-gd32895ea62 (webtiles) character file.

Game seed: 8128912308310401244

81857 raph the Impaler (level 15, -10/122 HPs)
             Began as a Merfolk Gladiator on June 13, 2021.
             Was the Champion of Yredelemnul.
             Killed from afar by a hellion (33 damage)
             ... with damnation
             ... on level 2 of the Abyss.
             The game lasted 00:50:36 (27777 turns).

raph the Impaler (Merfolk Gladiator)               Turns: 27777, Time: 00:50:36

Health: -10/122    AC: 14    Str: 21    XL:     15   Next: 71%
Magic:  24/24      EV: 25    Int:  8    God:    Yredelemnul [******]
Gold:   1704       SH:  0    Dex: 21    Spells: 14/14 levels left

rFire    + . .     SeeInvis .   V - +4 halberd (freeze)
rCold    . . .     Faith    .   (shield currently unavailable)
rNeg     . . .     Spirit   .   z - +2 acid dragon scales
rPois    .         Reflect  .   F - +3 hat of Yzoutual {rF+}
rElec    .         Harm     .   (no cloak)
rCorr    +         Rampage  .   C - +0 pair of gloves
Will     ++...                  G - +0 pair of boots {Stlth+}
Stlth    ++++++....             D - amulet of regeneration
HPRegen  0.70/turn              N - ring of willpower
MPRegen  0.19/turn              c - +6 ring of strength

@: about to teleport
A: change form in water, swift swim, stealthy swim
a: Renounce Religion, Recall Undead Slaves, Injury Mirror, Animate Dead, Drain
Life, Enslave Soul


You were on level 2 of the Abyss.
You worshipped Yredelemnul.
Yredelemnul was exalted by your worship.
You visited 3 branches of the dungeon, and saw 22 of its levels.
You visited the Abyss 1 time.
You also visited: Bailey and Ice Cave.

You collected 1824 gold pieces.
You spent 120 gold pieces at shops.

Inventory:

Hand Weapons
 a - a +5 halberd
 b - a +2 trident of flaming
 V - a +4 halberd of freezing (weapon)
Missiles
 j - 62 poisoned darts
 r - 2 throwing nets
 L - 4 javelins (quivered)
Armour
 z - +2 acid dragon scales (worn)
 C - a +0 pair of gloves (worn)
 F - the +3 hat of Yzoutual (worn) {rF+}
   (You found it on level 11 of the Dungeon)

   It protects you from fire.
 G - a +0 pair of boots of stealth (worn)
Jewellery
 c - a +6 ring of strength (right hand)
 q - a +6 ring of intelligence
 y - an uncursed ring of protection from cold
 D - an amulet of regeneration (around neck)
 J - an uncursed ring of protection from cold
 N - a ring of willpower (left hand)
Wands
 n - a wand of acid (11)
 p - a wand of polymorph (35)
 s - a wand of paralysis (24)
 B - a wand of flame (38)
 I - a wand of random effects (24)
 K - a wand of enslavement (12)
 M - a wand of iceblast (12)
 Q - a wand of disintegration (18)
Scrolls
 e - 5 scrolls of immolation
 f - 4 scrolls of amnesia
 g - 7 scrolls of identify
 k - 8 scrolls of remove curse
 l - 6 scrolls of teleportation
 H - 5 scrolls of magic mapping
 O - a scroll of fog
Potions
 d - 6 potions of attraction
 h - 3 potions of mutation
 i - 5 potions of lignification
 m - 2 potions of invisibility
 t - 5 potions of flight
 u - 4 potions of resistance
 v - 5 potions of cancellation
 w - 5 potions of haste
 x - 9 potions of curing
 E - 3 potions of magic
Miscellaneous
 P - a lightning rod (4/4)
 W - a box of beasts


   Skills:
 + Level 12.6 Fighting
 - Level 16.0 Polearms
 + Level 8.4 Throwing
 - Level 3.0 Armour
 + Level 14.8 Dodging
 - Level 11.8 Stealth
 + Level 12.3 Invocations
 + Level 8.1 Evocations


You had 14 spell levels left.
You didn't know any spells.
Your spell library contained the following spells:

 Spells                   Type           Power        Failure   Level
 Corpse Rot               Necr/Air       N/A          63%         2
 Sublimation of Blood     Necr           0%           63%         2
 Animate Dead             Necr           0%           99%         4
 Dispel Undead            Necr           0%           99%         4
 Ice Form                 Ice/Tmut       0%           99%         4
 Leda's Liquefaction      Hex/Erth       0%           99%         4
 Agony                    Necr           0%           100%        5
 Bolt of Magma            Conj/Fire/Erth 0%           100%        5
 Borgnjor's Vile Clutch   Necr/Erth      0%           100%        5
 Excruciating Wounds      Necr           0%           100%        5
 Metabolic Englaciation   Hex/Ice        0%           100%        5
 Death Channel            Necr           0%           100%        6
 Freezing Cloud           Conj/Ice/Air   0%           100%        6
 Iron Shot                Conj/Erth      0%           100%        6
 Ozocubu's Refrigeration  Ice            0%           100%        6
 Simulacrum               Ice/Necr       0%           100%        6
 Statue Form              Tmut/Erth      0%           100%        6
 Shatter                  Erth           0%           100%        9


Dungeon Overview and Level Annotations

Branches:
Dungeon (15/15)            Temple (0/1) D:5            Lair (6/6) D:10
  Swamp (0/4) Lair:4       Spider (0/4) Lair:2        Slime (0/5) Lair:5
    Orc (1/2) D:10         Vaults (0/5) D:14         Depths (0/5) D:15
 Bailey (visited)           IceCv (visited)

Altars:
Cheibriados
Elyvilon
Gozag
Kikubaaqudgha
Qazlal
Trog
Yredelemnul
Zin
The Shining One

Shops:
D:4 =   D:9 ?

Portals:
Trove: D:13 (give +6 ice dragon scales)

Annotations:
D:4 1 runed translucent door, exclusion: downstairs
D:15 3 runed translucent doors, Kuralita's ghost, journeyman OpTm


Message History

The hellion gestures at you.
The sphere of damnation explodes!
The damnation engulfs you!!
You are too injured to fight recklessly!
You are too injured to fight recklessly!
You are too injured to fight recklessly!
As you read the scroll of teleportation, it crumbles to dust.
You feel strangely unstable.
You feel the power of the Abyss delaying your translocation!
The hellion gestures at you.
The sphere of damnation explodes!
The damnation engulfs you!!
* * * LOW HITPOINT WARNING * * *
You hear a shout!
You feel much better. The hellion gestures at you.
The sphere of damnation explodes!
The damnation engulfs you!!
* * * LOW HITPOINT WARNING * * *
The hellion gestures at you.
The sphere of damnation explodes!
The damnation engulfs you!!
You die...
Your body rises from the dead as a mindless zombie.

. .. .##.# #
..#. ..
#..## ..#
##...#.. #
#..#..# #.
#....#
#.##.@##
#....#.#
#..2#.## #
#...#.#.## .
. ##
#...##.#2#.#
# ... . #..
#.##..### #.
. # #.. #..
#..####.## .
. .. #
..##... . ..
# ###. ....#
. .


You could see a hellion.

Vanquished Creatures
  Roxanne (D:15)
  A frost giant (IceCv)
  Nessos (D:15)
  A yaktaur captain (D:14)
  An ogre mage (D:15)
  8 hydras
  Erica (D:11)
  3 centaur warriors
  6 two-headed ogres
  8 death yaks
  A tengu warrior (D:15)
  Sonja (D:13)
  An unseen horror (D:14)
  A glowing orange brain (Abyss:2)
  5 wizards
  5 orc knights (Bailey)
  A wolf spider zombie (D:15)
  8 ugly things
  3 manticores
  2 slime creatures (D:13)
  An ice statue (IceCv)
  A cyclops (D:13)
  2 elephants (Lair:2)
  An orange demon (Abyss:2)
  4 black mambas
  4 centaur skeletons
  A gargoyle (D:10)
  2 molten gargoyles (Lair:5)
  6 cane toads
  2 yaktaurs (D:14)
  4 rime drakes
  A torpor snail (Lair:5)
  An efreet (D:14)
  2 kobold demonologists (D:12)
  7 komodo dragons
  An ancient zyme (Abyss:2)
  3 meliai
  A queen bee (shapeshifter) (D:14)
  A tengu conjurer (D:15)
  4 trolls
  Grinder (D:5)
  22 polar bears
  4 blink frogs (Lair:2)
  3 dream sheep (Lair:5)
  A harpy skeleton (Abyss:2)
  A flying skull (Abyss:2)
  A meliai zombie (D:13)
  Sigmund (D:4)
  2 wyverns
  54 yaks
  A wraith (D:12)
  A small abomination (Abyss:2)
  6 vampire mosquitoes
  A basilisk (Lair:1)
  3 steam dragons (D:7)
  2 acid dragons (D:9)
  6 water moccasins
  19 orc warriors
  2 ice beasts
  3 sky beasts
  3 black bears
  A necrophage (D:10)
  A hornet zombie (D:14)
  11 ogres
  4 boggarts (D:15)
  10 centaurs
  28 wolves
  2 big kobolds
  19 bullfrogs
  2 gnoll sergeants
  A wyvern skeleton (D:12)
  3 scorpions
  16 killer bees
  26 wights
  2 electric eels (Lair:4)
  5 lava snakes (Lair:5)
  5 centaur zombies
  4 hounds
  5 jellies
  10 orc priests
  11 orc wizards
  2 bullfrog skeletons
  Jessica (D:2)
  4 iguanas
  7 worker ants
  3 hound skeletons
  2 hound zombies (D:5)
  Robin (D:4)
  12 adders
  16 gnolls
  A shadow imp (D:8)
  A white imp (D:8)
  6 ufetubi
  3 oozes (Lair:5)
  A worm (D:3)
  A dart slug (D:1)
  3 leopard geckos
  68 orcs
  6 giant cockroaches
  13 hobgoblins
  11 jackals
  5 quokkas
  A ball python (D:1)
  7 bats
  4 frilled lizards
  14 goblins
  16 kobolds
  2 leopard gecko zombies
  A quokka skeleton (D:9)
  A quokka zombie (D:5)
  11 rats
635 creatures vanquished.

Vanquished Creatures (collateral kills)
  2 hydras
  A two-headed ogre (D:14)
  2 death yaks
  2 ugly things
  An orc knight (D:14)
  A cyclops (D:14)
  An elephant (Lair:2)
  2 centaur skeletons (D:15)
  A polar bear (IceCv)
  A blink frog (Lair:2)
  4 dream sheep (Lair:5)
  A wraith (D:11)
  A wyvern (Lair:5)
  6 yaks
  4 vampire mosquitoes
  2 water moccasins
  A sky beast (D:15)
  A black bear (D:7)
  5 orc warriors
  A centaur (D:12)
  3 bullfrogs
  A killer bee (D:12)
  A wight (D:13)
  An orc wizard (D:8)
  An orc priest (D:11)
  A worker ant (D:10)
  15 orcs
  A quokka (D:10)
  A kobold (D:10)
65 creatures vanquished.

Vanquished Creatures (others)
  A skeletal warrior (D:15)
  A phantasmal warrior (D:15)
  A cane toad (Lair:5)
  A hornet (D:12)
  4 flying skulls
  A vampire (D:13)
  A boggart (D:15)
  4 ugly thing zombies
  3 wights
  A hydra zombie (Lair:2)
  2 death yak zombies (Lair:1)
  2 blink frog zombies (Lair:2)
  2 cane toad zombies (Lair:2)
  2 human zombies (D:15)
  A two-headed ogre zombie (D:15)
  A black mamba zombie (Lair:4)
  6 wolf zombies
  A dream sheep zombie (Lair:5)
  2 elephant zombies (Lair:2)
  A polar bear zombie (IceCv)
  A tengu zombie (D:15)
  A water moccasin zombie (Lair:1)
  2 komodo dragon zombies (Lair:1)
  An orc (D:5)
  A sky beast zombie (D:10)
  6 bullfrog zombies
  4 centaur zombies
  4 killer bee zombies
  4 kobold zombies (D:10)
  An ogre zombie (D:8)
  An orc skeleton (D:8)
  15 orc zombies
  A worker ant zombie (D:9)
  A wyvern zombie (Lair:5)
  12 yak zombies
  42 fungi
  43 plants
178 creatures vanquished.

Grand Total: 878 creatures vanquished

Notes
Turn   | Place    | Note
-------+----------+-------------------------------------------
     0 | D:1      | raph the Merfolk Gladiator began the quest for the Orb.
     0 | D:1      | Reached XP level 1. HP: 16/16 MP: 1/1
    93 | D:1      | Reached skill level 5 in Polearms
    96 | D:1      | Reached XP level 2. HP: 17/22 MP: 2/2
   499 | D:1      | Reached skill level 6 in Polearms
   499 | D:1      | Reached XP level 3. HP: 27/27 MP: 3/3
   880 | D:2      | Noticed Jessica
  1038 | D:2      | Killed Jessica
  1039 | D:2      | Reached XP level 4. HP: 33/33 MP: 4/4
  1071 | D:2      | Reached skill level 7 in Polearms
  1595 | D:3      | Reached skill level 8 in Polearms
  1595 | D:3      | Reached XP level 5. HP: 38/38 MP: 5/5
  2084 | D:3      | Reached skill level 9 in Polearms
  2670 | D:3      | Found a basalt altar of Yredelemnul.
  2840 | D:4      | You fall into a shaft and drop 2 floors!
  2860 | D:5      | Entered Level 5 of the Dungeon
  3008 | D:5      | Noticed Grinder
  3178 | D:4      | Reached XP level 6. HP: 44/44 MP: 6/6
  3182 | D:4      | Noticed Robin
  3210 | D:4      | Killed Robin
  3456 | D:4      | Found a runed translucent door.
  3456 | D:4      | Found a glowing golden altar of the Shining One.
  3456 | D:4      | Noticed an angel
  3472 | D:4      | Noticed Sigmund
  3490 | D:4      | Killed Sigmund
  3491 | D:4      | Reached skill level 10 in Polearms
  3919 | D:4      | Reached XP level 7. HP: 28/50 MP: 7/7
  4065 | D:4      | Reached skill level 11 in Polearms
  4393 | D:4      | Reached skill level 12 in Polearms
  4398 | D:4      | Found Muokat's Jewellery Boutique.
  4839 | D:3      | Became a worshipper of Yredelemnul the Dark
  5358 | D:5      | Reached XP level 8. HP: 53/56 MP: 8/8
  5397 | D:5      | Found a staircase to the Ecumenical Temple.
  5435 | D:5      | You fall into a shaft and drop 3 floors!
  5718 | D:6      | Reached skill level 13 in Polearms
  6084 | D:5      | Reached * piety under Yredelemnul
  6310 | D:5      | Reached skill level 14 in Polearms
  6923 | D:6      | Reached skill level 1 in Stealth
  7040 | D:6      | Reached skill level 1 in Invocations
  7309 | D:7      | Reached skill level 1 in Armour
  7359 | D:7      | Reached skill level 5 in Dodging
  7359 | D:7      | Reached XP level 9. HP: 48/64 MP: 10/10
  7854 | D:7      | Found a white marble altar of Elyvilon.
  8225 | D:8      | Reached ** piety under Yredelemnul
  8875 | D:8      | Reached XP level 10. HP: 64/73 MP: 11/13
  9208 | D:8      | Reached skill level 5 in Fighting
  9516 | D:9      | Got a fine leather armour
  9543 | D:9      | Identified the +6 leather armour "Joalisau" {rN+ Will+
                  | Str-4 Int+6} (You found it on level 9 of the Dungeon)
  9759 | D:9      | Found an ancient bone altar of Kikubaaqudgha.
  9759 | D:9      | Found a snail-covered altar of Cheibriados.
  9790 | D:9      | Found an opulent altar of Gozag.
  9794 | D:9      | Found a stormy altar of Qazlal.
  9796 | D:9      | Found a glowing silver altar of Zin.
  9855 | D:9      | Found a glowing golden altar of the Shining One.
 10055 | D:9      | Reached skill level 15 in Polearms
 10055 | D:9      | Reached skill level 5 in Stealth
 10110 | D:9      | Found a transporter.
 10183 | D:9      | Found a transporter.
 10356 | D:9      | Found Koymyi's Magic Scroll Emporium.
 10360 | D:9      | Bought a scroll of enchant armour for 120 gold pieces
 10418 | D:10     | Entered Level 10 of the Dungeon
 10465 | D:10     | Reached skill level 5 in Invocations
 10618 | D:10     | Reached *** piety under Yredelemnul
 10662 | D:10     | Received a gift from Yredelemnul (a wight)
 10699 | D:10     | Found a staircase to the Orcish Mines.
 10759 | D:10     | Found a staircase to the Lair.
 10973 | D:10     | Noticed a gargoyle
 11028 | D:10     | Killed a gargoyle
 11112 | D:10     | Found a bloodstained altar of Trog.
 11175 | D:10     | Reached **** piety under Yredelemnul
 11182 | D:10     | Reached XP level 11. HP: 83/83 MP: 15/15
 11319 | D:10     | Received a gift from Yredelemnul (a wight)
 11583 | D:5      | Killed Grinder
 11742 | Lair:1   | Entered Level 1 of the Lair of Beasts
 11934 | Lair:1   | Reached skill level 16 in Polearms
 12076 | Lair:1   | Noticed a seven-headed hydra
 12085 | Lair:1   | Killed a nine-headed hydra
 12227 | Lair:1   | Noticed a seven-headed hydra
 12239 | Lair:1   | Killed a nine-headed hydra
 12765 | Lair:2   | Reached skill level 10 in Dodging
 12898 | Lair:2   | Reached XP level 12. HP: 66/93 MP: 17/17
 13181 | Lair:2   | Noticed an eight-headed hydra
 13190 | Lair:2   | Killed an eight-headed hydra
 13190 | Lair:2   | Received a gift from Yredelemnul (a wight)
 13281 | Lair:2   | Noticed a death yak
 13282 | Lair:2   | Noticed a death yak
 13282 | Lair:2   | Noticed a death yak
 13282 | Lair:2   | Noticed a death yak
 13333 | Lair:1   | Killed a death yak
 13624 | Lair:2   | Found a hole to the Spider Nest.
 13998 | Lair:2   | Noticed a death yak
 14046 | Lair:1   | Killed a death yak
 14163 | Lair:1   | Killed a death yak
 14177 | Lair:1   | Killed a death yak
 14299 | Lair:1   | Killed a death yak
 14785 | Lair:3   | Noticed a death yak
 14789 | Lair:3   | Noticed a death yak
 14793 | Lair:3   | Noticed a death yak
 14818 | Lair:2   | Killed a death yak
 15060 | Lair:3   | Reached skill level 10 in Stealth
 15060 | Lair:3   | Reached skill level 1 in Evocations
 15123 | Lair:3   | Killed a death yak
 15132 | Lair:3   | Killed a death yak
 15255 | Lair:3   | Reached XP level 13. HP: 85/102 MP: 20/20
 15643 | Lair:4   | Received a gift from Yredelemnul (a wight)
 15782 | Lair:4   | Found an ancient bone altar of Kikubaaqudgha.
 15816 | Lair:4   | Reached skill level 10 in Fighting
 16311 | Lair:4   | Found a staircase to the Swamp.
 16940 | Lair:5   | Found a staircase to the Slime Pits.
 16958 | Lair:5   | Reached ***** piety under Yredelemnul
 17050 | Lair:5   | Received a gift from Yredelemnul (4 flying skulls)
 17163 | Lair:5   | Reached skill level 10 in Invocations
 17916 | Lair:6   | Entered Level 6 of the Lair of Beasts
 17932 | Lair:6   | Paralysed by a hornet for 3 turns
 18397 | D:11     | Got a faintly humming hat
 18408 | D:11     | Identified the +3 hat of Yzoutual {rF+} (You found it on
                  | level 11 of the Dungeon)
 18775 | D:11     | Found a frozen archway.
 18840 | IceCv    | Entered an ice cave
 19035 | IceCv    | Reached skill level 5 in Throwing
 19315 | IceCv    | Reached XP level 14. HP: 111/111 MP: 21/21
 19632 | IceCv    | Reached skill level 5 in Evocations
 19755 | IceCv    | Noticed a frost giant
 19811 | IceCv    | Killed a frost giant
 20309 | D:11     | Noticed Erica
 20318 | D:11     | Killed Erica
 20664 | D:12     | Received a gift from Yredelemnul (a wight)
 20688 | D:12     | Found a flagged portal.
 20706 | Bailey   | Entered a bailey
 20830 | Bailey   | Received a gift from Yredelemnul (a phantasmal warrior)
 21756 | D:12     | Reached ****** piety under Yredelemnul
 22248 | D:13     | Received a gift from Yredelemnul (a vampire)
 22642 | D:13     | Noticed Sonja
 22679 | D:13     | HP: 4/114 [Sonja/+2 dagger of distortion (19)]
 22681 | D:13     | Killed Sonja
 23133 | D:13     | Found a portal to a secret trove of treasure.
 23155 | D:13     | Found a stormy altar of Qazlal.
 24124 | D:14     | Reached XP level 15. HP: 46/120 MP: 23/23
 24552 | D:14     | Found a gate to the Vaults.
 24863 | D:14     | Received a gift from Yredelemnul (a skeletal warrior)
 25772 | D:15     | Entered Level 15 of the Dungeon
 25886 | D:15     | Received a gift from Yredelemnul (a phantasmal warrior)
 26138 | D:15     | Noticed Roxanne
 26227 | D:15     | Noticed Nessos
 26241 | D:15     | Killed Nessos
 26424 | D:15     | Found a runed translucent gate.
 26424 | D:15     | Found a runed translucent gate.
 26425 | D:15     | Found a runed translucent gate.
 26426 | D:15     | Found an opulent altar of Gozag.
 26428 | D:15     | Noticed Kuralita's ghost (journeyman OpTm)
 26625 | D:15     | Found a staircase to the Depths.
 26628 | D:15     | Your ally Nessos died
 26858 | D:15     | Received a gift from Yredelemnul (a vampire)
 26973 | D:15     | Killed Roxanne
 27447 | Orc:1    | Entered Level 1 of the Orcish Mines
 27492 | Orc:1    | Cast into level 2 of the Abyss (orc warrior)
 27492 | Abyss:2  | Found a corrupted altar of Lugonu.
 27777 | Abyss:2  | Killed from afar by a hellion

Illustrated notes

Levels and vault maps discovered:
D:1:      lightli_arrival_noodles, layout_loops_cross, skrybe_limestone_x,
          solitary_fountain
D:2:      layout_rooms, minmay_misc_feat_encased, kennysheep_generic_room_7,
          uniq_jessica
D:3:      layout_loops_ring, nicolae_overflow_hidden_temple
D:4:      layout_loops_ring, serial_shops, nicolae_shop_stone,
          lemuel_angel_altar, uniq_sigmund, uniq_robin
D:5:      layout_basic, temple_green, chequers_ossuary_entry_cave, uniq_grinder
D:6:      layout_loops_ring, grunt_decor_resistance
D:7:      cheibrodos_steamvent, layout_rooms, general_overflow_altar
D:8:      layout_rooms
D:9:      gammafunk_cloud_chamber, layout_loops_ring, lemuel_doored_altar,
          chequers_temple_overflow_minitemple, serial_shops, nicolae_shop_stone,
          minivault_26, minivault_11, grunt_decor_one_mirror
D:10:     layout_loops_ring, grunt_lair_entry_orc_guard_hut, hiddenorc1_lemuel,
          basic_altar
D:11:     layout_long_grid, portal_ice_cave_entry_animals_and_master, uniq_erica
D:12:     layout_roguey, enter_bailey_5, minivault_1, lemuel_freeze_loot_1
D:13:     layout_loops_cross, enter_trove_0, minmay_misc_feat_enclosed,
          nicolae_qazlal_style_of_elements, uniq_sonja
D:14:     layout_cave_pools, david_vaults_2, special_room [special_room_orc],
          minmay_holes
D:15:     grunt_enter_depths_magical_seal, layout_rooms, ebering_ghost_gozag,
          minmay_misc_feat_doors, uniq_nessos, uniq_roxanne
Lair:1:   layout_cave_pods, st_stairs_7, grunt_megastairs_2,
          lemuel_fruit_fields, lemuel_fruit_tree, lemuel_fruit_fields,
          infiniplex_staircase_pool_2
Lair:2:   layout_cave_pods, spider_nest_entry_web_field
Lair:3:   layout_concentric_octagons, infiniplex_staircase_pool
Lair:4:   layout_regular_city, minmay_swamp_entry_swarm, basic_altar,
          st_stairs_7, gammafunk_lair_bear_cave, lemuel_fruit_fields
Lair:5:   cheibrodos_magma_flow, layout_gridlike, nicolae_slime_entry_slimehenge
Lair:6:   gammafunk_lair_ancient_temple, layout_misc_corridors, serial_rivers,
          chequers_serial_rivers_small_3, chequers_serial_rivers_large_b,
          chequers_serial_rivers_small_3, chequers_serial_rivers_micro_a,
          grunt_forest_large_clearings, uniq_rupert
Orc:1:    layout_caves, serial_shops, shop
Abyss:2:  base: D:9, base: Lair:3, evilmike_abyss_exit_mutagenic

Skill      XL: |  1  2  3  4  5  6  7  8  9 10 11 12 13 14 15 |
---------------+----------------------------------------------+-----
Polearms       | 5 6 8 9 10 12 14 15 16 | 16.0
Stealth        | 2 4 6 8 10 11 | 11.8
Invocations    | 2 4 5 7 9 10 11 12 | 12.3
Fighting       | 3 4 6 8 9 10 11 12 | 12.6
Armour         | 1 2 3 |  3.0
Dodging        | 5 6 8 10 11 12 14 | 14.8
Evocations     | 2 4 6 8 |  8.1
Throwing       | 3 5 7 8 |  8.4

Action                   |  1- 3 |  4- 6 |  7- 9 | 10-12 | 13-15 || total
-------------------------+-------+-------+-------+-------+-------++-------
Melee: Trident           |    83 |   142 |       |     5 |    15 ||   245
       Halberd           |       |    51 |   382 |   596 |  1337 ||  2366
       Unarmed           |       |       |    10 |       |       ||    10
       Tailslap          |       |       |       |       |     2 ||     2
Throw: Throwing net      |     5 |     4 |     1 |       |     1 ||    11
       Dart              |       |     1 |       |       |       ||     1
       Javelin           |       |       |       |     2 |     4 ||     6
Invok: Animate Remains   |       |       |     9 |    13 |       ||    22
       Animate Dead      |       |       |       |    23 |    65 ||    88
       Drain Life        |       |       |       |     2 |     5 ||     7
Evoke: Wand              |       |       |       |    10 |    16 ||    26
       Lightning rod     |       |       |       |       |     6 ||     6
  Use: Scroll            |       |     9 |    15 |     7 |    11 ||    42
       Potion            |       |     2 |       |     5 |     4 ||    11
 Stab: Sleeping          |       |     3 |     8 |    11 |    58 ||    80
       Distracted        |       |       |     3 |     6 |    16 ||    25
       Invisible         |       |       |       |     2 |       ||     2
       Held in net/web   |       |       |       |     1 |       ||     1
Armor: Leather armour    |    20 |    22 |    24 |       |       ||    66
       Steam dragon scal |       |       |    19 |    26 |       ||    45
       Acid dragon scale |       |       |       |   107 |   260 ||   367
Dodge: Dodged            |    70 |    92 |   221 |   477 |  1102 ||  1962
